 Dungeon Crawl Stone Soup version 0.29.0-11-gd7f09526c8 (webtiles) character file.

Game seed: 3525789583077808042

68011 Armakuni the Convoker (level 14, -2/107 HPs)
             Began as a Demigod Delver on Sept 4, 2022.
             Slain by a bog body (13 damage)
             ... summoned by a worldbinder
             ... in a Gauntlet.
             The game lasted 01:19:45 (25701 turns).

Armakuni the Convoker (Demigod Delver)             Turns: 25701, Time: 01:19:46

Health: -2/107     AC:  7    Str: 17    XL:     14   Next: 44%
Magic:  25/30      EV: 14    Int: 24    God:
Gold:   1105       SH:  0    Dex: 15    Spells: 2/29 levels left

rFire   . . .      SeeInvis .   a - +5 demon whip (venom)
rCold   . . .      Faith    .   h - orb {light}
rNeg    . . .      Spirit   .   r - +4 troll leather armour
rPois   .          Reflect  .   (no helmet)
rElec   .          Harm     .   e - scarf {repulsion}
rCorr   +          Rampage  .   O - +0 pair of gloves
Will    ++...      NoTele   +   f - +0 pair of boots
Stlth   +.........              M - amulet of magic regeneration
HPRegen 1.07/turn               W - ring of willpower
MPRegen 0.62/turn               K - ring of resist corrosion

@: corroded, glowing, repel missiles
A: high MP 1, forlorn, divine attributes
a: no special abilities


You were in a Gauntlet.
You visited 2 branches of the dungeon, and saw 18 of its levels.
You also visited: Gauntlet.

You collected 2267 gold pieces.
You spent 1162 gold pieces at shops.

Inventory:

Hand Weapons
 a - a +5 demon whip of venom (weapon)
 E - the +8 quarterstaff of the Weasel {vorpal, rF- rCorr Stlth+}
   (You found it on level 13 of the Dungeon)

   It inflicts extra damage upon your enemies.
   rF:        It makes you vulnerable to fire.
   rCorr:     It protects you from acid and corrosion.
   Stlth:     It makes you more stealthy.
Missiles
 d - 3 curare-tipped darts (quivered)
Armour
 e - a scarf of repulsion (worn)
 f - a +0 pair of boots (worn)
 h - an orb of light (worn)
 r - a +4 troll leather armour (worn)
 O - a +0 pair of gloves (worn)
Jewellery
 K - a ring of resist corrosion (right hand)
 M - an amulet of magic regeneration (around neck)
 N - a ring of positive energy
 W - a ring of willpower (left hand)
Wands
 m - a wand of mindburst (10)
 p - a wand of paralysis (3)
 v - a wand of flame (20)
 x - a wand of digging (9)
 H - a wand of iceblast (9)
 I - a wand of acid (6)
Scrolls
 b - a scroll of silence
 c - a scroll of fog
 k - 2 scrolls of blinking
 n - 2 scrolls of poison
 q - 5 scrolls of amnesia
 s - 5 scrolls of teleportation
 u - 2 scrolls of enchant armour
 w - 4 scrolls of magic mapping
 y - 2 scrolls of immolation
 z - 3 scrolls of vulnerability
 B - 2 scrolls of torment
 D - a scroll of fear
 F - 8 scrolls of identify
Potions
 g - 2 potions of might
 i - 3 potions of heal wounds
 l - 9 potions of curing
 o - 3 potions of lignification
 t - 4 potions of invisibility
 A - a potion of berserk rage
 C - 3 potions of haste
 G - 3 potions of magic
 J - 2 potions of cancellation
 L - a potion of flight {unknown}
 P - 2 potions of resistance {unknown}
 X - 5 potions of mutation
Miscellaneous
 j - a box of beasts


   Skills:
 - Level 5.0 Fighting
 + Level 4.1(6.1) Maces & Flails
 - Level 7.0(7.5) Staves
 - Level 5.0 Armour
 - Level 5.0 Dodging
 - Level 4.5 Stealth
 + Level 8.3 Spellcasting
 - Level 5.0 Hexes
 - Level 19.6 Summonings
 - Level 5.0 Evocations


You had 2 spell levels left.
You knew the following spells:

 Your Spells              Type           Power      Damage    Failure   Level
g - Summon Guardian Gole  Hex/Summ       62%        N/A       1%          3
h - Summon Hydra          Summ           40%        N/A       1%          7
k - Call Canine Familiar  Summ           81%        N/A       0%          3
m - Monstrous Menagerie   Summ           40%        N/A       1%          7
v - Summon Mana Viper     Hex/Summ       62%        N/A       1%          5
w - Wereblood             Tmut           9%         N/A       12%         2

Your spell library contained the following spells:

 Spells                   Type           Power      Damage    Failure   Level
 Summon Small Mammal      Summ           100%       N/A       0%          1
 Slow                     Hex            100%       N/A       1%          1
 Ensorcelled Hibernation  Hex/Ice        42%        N/A       4%          2
 Passwall                 Tmut/Erth      7%         N/A       12%         2
 Sublimation of Blood     Necr           9%         N/A       12%         2
 Animate Armour           Summ/Erth      100%       N/A       1%          4
 Summon Ice Beast         Ice/Summ       54%        N/A       1%          4
 Summon Lightning Spire   Summ/Air       54%        N/A       1%          4
 Confusing Touch          Hex            33%        N/A       3%          3
 Portal Projectile        Hex/Tloc       42%        N/A       9%          3
 Gell's Gravitas          Tloc           9%         N/A       22%         3
 Mephitic Cloud           Conj/Pois/Air  9%         N/A       22%         3
 Spider Form              Tmut/Pois      9%         N/A       22%         3
 Swiftness                Air            9%         N/A       22%         3
 Teleport Other           Tloc           9%         N/A       22%         3
 Vampiric Draining        Necr           9%         2d6       22%         3
 Anguish                  Hex/Necr       10%        N/A       26%         4
 Leda's Liquefaction      Hex/Erth       10%        N/A       26%         4
 Airstrike                Air            4%         2d(1-17)  58%         4
 Corpse Rot               Necr/Pois/Air  9%         N/A       58%         4
 Dispel Undead            Necr           9%         3d8       58%         4
 Petrify                  Tmut/Erth      9%         N/A       58%         4
 Spellforged Servitor     Conj/Summ      27%        N/A       75%         7
 Blade Hands              Tmut           4%         N/A       91%         5
 Freezing Cloud           Conj/Ice/Air   4%         6-21      91%         5
 Irradiate                Conj/Tmut      4%         3d13      91%         5
 Lightning Bolt           Conj/Air       4%         1d16      91%         5
 Conjure Ball Lightning   Conj/Air       4%         3x3d6     100%        6
 Death Channel            Necr           4%         N/A       100%        6
 Dispersal                Tloc           4%         N/A       100%        6
 Iron Shot                Conj/Erth      4%         9d2       100%        6
 Simulacrum               Ice/Necr       4%         N/A       100%        6
 Enfeeble                 Hex            16%        N/A       100%        7
 Orb of Destruction       Conj           4%         9d5       100%        7
 Polar Vortex             Ice            4%         N/A       100%        9


Dungeon Overview and Level Annotations

Branches:
Dungeon (13/15)            Temple (0/1) D:4            Lair (5/5) D:8
 Shoals (0/4) Lair:3        Snake (0/4) Lair:3        Slime (0/5) Lair:5
    Orc (0/2) D:9         Gauntlet (1/1)
 Vaults: D:13-14

Shops:
D:7 (*   D:11 [

Annotations:
D:13 1 transporter Gauntlet 12 transporters, 3 runed translucent doors


Innate Abilities, Weirdness & Mutations

You have an increased reservoir of magic. (+10% MP)
You shall have no god before yourself.
Your divine heritage dramatically boosts your attributes as you level up.


Message History

Key pressed, stopping explore.
Partly explored, unvisited transporter and can't reach some places.
Partly explored, unvisited transporter and can't reach some places.
Partly explored, unvisited transporter and can't reach some places.
Partly explored, unvisited transporter and can't reach some places.
The boggart shouts!
Search for what [Enter for "buckler", or ? for help]? .
There is a transporter here.
You enter the transporter and appear at another place.
The boggart shouts!
The worldbinder calls forth creatures from the Swamp!
The boggart casts a spell.
The boggart flickers and vanishes for a moment.
The boggart mumbles some strange words.
The boggart blinks!
Casting: Summon Hydra (dangerous; 1% risk of failure)
Confirm with . or Enter, or press ? or * to list all spells.
A four-headed hydra appears.
The goliath frog hits you from afar!! The acid corrodes you!
You are splashed with acid.
You resist. The bog body casts a spell at you. The bolt of cold hits you!!
You whack the bog body!
The bog body is lightly damaged.
The goliath frog barely misses you.
You whack the boggart!
The boggart is poisoned.
The boggart is moderately wounded.
The boggart hits you but does no damage.
The bog body touches you! The bog body freezes you!!
* * * LOW HITPOINT WARNING * * *
The goliath frog misses you.
You whack the boggart!
The boggart looks as sick as possible!
The boggart is almost dead.
You kill the boggart!
The boggart mumbles some strange words.
The boggart blinks!
The boggart gestures wildly while chanting.
The boggart blinks!
The bog body touches you!
* * * LOW HITPOINT WARNING * * *
The bog body freezes you!
You die...

#.#!..##..#.#.P.♣..≈≈#
#.#W......#.#.PP....≈#
#.#########.#.♣P..♣..####
#©#.......#.#.........≈≈#
###...♣...#.#########..≈#
#....PPPP.#.#.g8#8..#...##
#...#≈#≈#.#.#!..8...#.∩.≈##
#..P≈≈≈≈≈.#.#.g8D8.8#...≈≈##
..♣.#≈#≈#.#©#©8^@n8##©.♣≈≈≈#
#...≈≈≈≈≈.#.#..8.8§8#...≈≈##
#...#≈#≈#.#.#!..8FFx#.∩.≈##
#...PP.PP.#.#..8#8..#...##
###..P♣P..#.#########..≈#
#©#.......#.#.........≈≈#
#.#########.#.♣...♣..####
#.#b......#.#.PP.P..≈# #.
... #.#.#..P♣..≈≈#


You could see 2 goliath frogs, a worldbinder, a bog body (summoned, ally
target), 2 boggarts and a friendly four-headed hydra (summoned).

Vanquished Creatures
  A hydra (D:11)
  A centaur warrior (D:13)
  3 boulder beetles
  A two-headed ogre (D:9)
  A deep elf pyromancer (D:12)
  An oklob plant (D:8)
  3 elephants (Lair:5)
  A torpor snail (Lair:3)
  An unseen horror (D:11)
  Psyche (D:9)
  A komodo dragon (Lair:5)
  3 rime drakes
  4 trolls
  Prince Ribbit (D:6)
  Grinder (D:3)
  A wind drake (Lair:3)
  2 blink frogs (Lair:1)
  A dream sheep (Lair:5)
  Sigmund (D:4)
  A wraith (D:6)
  A wyvern (D:8)
  A steam dragon (D:7)
  A fire elemental (Lair:1)
  11 yaks
  2 vampire mosquitoes (D:12)
  Edmund (D:4)
  A warg (Lair:5)
  An acid dragon (D:9)
  2 water moccasins
  A hell hound (Lair:5)
  A nameless horror (D:10)
  4 orc warriors
  2 swamp drakes
  2 ice beasts (D:7)
  A sky beast (D:8)
  3 black bears
  An ogre (D:5)
  An ogre (shapeshifter) (D:8)
  A boggart (Gauntlet)
  A phantom (D:4)
  4 centaurs
  3 kobold brigands
  5 bullfrogs
  2 necrophages
  2 scorpions
  2 gnoll sergeants
  A scorpion (shapeshifter) (D:13)
  2 wights (D:9)
  9 howler monkeys
  4 orc priests
  7 jellies
  4 gnoll boudas
  Natasha (thrice) (D:2)
  4 iguanas
  A hell rat (Lair:5)
  7 orc wizards
  7 adders
  24 gnolls
  An ufetubus (D:7)
  3 worms
  3 dart slugs
  36 orcs
  10 ball pythons
  8 bats
  23 endoplasms
  A giant cockroach (D:3)
  9 goblins
  A hobgoblin (D:4)
  8 kobolds
  3 quokkas
  6 frilled lizards
  7 rats
  A fungus (D:8)
280 creatures vanquished.

Vanquished Creatures (collateral kills)
  Rupert (Lair:5)
  A fire dragon (Lair:5)
  A boulder beetle (Lair:5)
  4 hydras
  An alligator (Lair:5)
  A catoblepas (Lair:3)
  4 two-headed ogres (D:9)
  A tengu warrior (D:9)
  Nergalle (D:11)
  Sonja (Lair:3)
  Amaemon (D:11)
  A swamp dragon (Lair:5)
  The ghost of rigao the Nimble, a novice TrTm of Ru (D:9)
  An orc knight (D:9)
  A lindwurm (Lair:5)
  3 manticores
  A cyclops (D:9)
  2 slime creatures (D:12)
  A moth of wrath (D:9)
  18 elephants (Lair:5)
  A torpor snail (Lair:5)
  A molten gargoyle (Lair:1)
  A gargoyle (D:10)
  An orange demon (D:11)
  An unseen horror (D:10)
  2 kobold demonologists (D:9)
  3 rime drakes
  5 cane toads
  10 komodo dragons
  9 polar bears (Lair:5)
  3 trolls (D:9)
  5 dream sheep (Lair:5)
  7 raiju (Lair:5)
  5 blink frogs (Lair:1)
  A shadow (D:12)
  52 yaks
  5 wyverns
  3 basilisks (D:8)
  The ghost of Arcadio the Sneak, an amateur NaIE (D:3)
  9 vampire mosquitoes
  6 steam dragons
  5 water moccasins
  11 hell hounds
  8 wargs
  2 nameless horrors
  11 black bears
  A swamp drake (Lair:5)
  5 orc warriors
  An ogre (D:5)
  18 wolves (Lair:5)
  4 kobold brigands (D:9)
  4 bullfrogs
  2 gnoll sergeants (D:9)
  A scorpion (Lair:1)
  2 wights (D:9)
  6 howler monkeys
  A centaur zombie (D:3)
  A bullfrog zombie (D:3)
  3 gnoll boudas (D:9)
  A bullfrog skeleton (D:3)
  5 orc priests (D:9)
  A hound (D:5)
  5 iguanas (Lair:5)
  3 orc wizards (D:9)
  5 hell rats (Lair:5)
  8 river rats (Lair:5)
  7 orcs
  An endoplasm (Lair:5)
  2 rats (Lair:5)
301 creatures vanquished.

Vanquished Creatures (others)
  A wolf (Lair:5)
  16 fungi
  45 plants
62 creatures vanquished.

Grand Total: 643 creatures vanquished

Notes
Turn   | Place    | Note
-------+----------+-------------------------------------------
     0 | D:5      | Armakuni the Demigod Delver began the quest for the Orb.
     0 | D:5      | Reached XP level 1. HP: 18/18 MP: 3/3
    18 | D:5      | Noticed an ogre
    92 | D:6      | Noticed Prince Ribbit
   107 | D:5      | Noticed a hound
   284 | D:4      | Noticed Grinder
   394 | D:4      | Noticed a jelly
   480 | D:3      | Noticed an orc priest
   492 | D:3      | Found a runed translucent gate.
   492 | D:3      | Found a runed translucent gate.
   492 | D:3      | Found a runed translucent gate.
   691 | D:1      | Reached XP level 2. HP: 25/26 MP: 4/4
  1655 | D:2      | Reached XP level 3. HP: 30/33 MP: 5/5
  2105 | D:2      | HP: 1/33 [gnoll/+0 halberd (12)]
  2316 | D:2      | Reached XP level 4. HP: 41/41 MP: 6/6
  2671 | D:2      | Noticed Natasha
  2678 | D:2      | Killed Natasha
  2679 | D:2      | Reached skill level 5 in Fighting
  2781 | D:2      | Noticed Natasha
  2790 | D:2      | Killed Natasha
  2791 | D:2      | Reached skill level 1 in Armour
  2853 | D:2      | Noticed Natasha
  2865 | D:2      | Killed Natasha
  2866 | D:2      | Reached XP level 5. HP: 35/48 MP: 7/7
  3504 | D:3      | Noticed Arcadio's ghost (amateur NaIE)
  3935 | D:4      | Noticed Edmund
  3943 | D:4      | Killed Edmund
  3944 | D:4      | Reached XP level 6. HP: 55/56 MP: 8/8
  4155 | D:4      | Noticed Sigmund
  4175 | D:4      | Killed Sigmund
  4176 | D:4      | Reached skill level 5 in Armour
  4176 | D:4      | Reached XP level 7. HP: 61/61 MP: 9/9
  4348 | D:4      | Identified a scroll of acquirement
  4348 | D:4      | Acquired 905 gold pieces
  4454 | D:3      | Paralysed by Grinder for 5 turns
  4482 | D:3      | Killed Grinder
  4869 | D:4      | Reached skill level 5 in Dodging
  4883 | D:4      | Reached skill level 1 in Staves
  5555 | D:4      | Found a staircase to the Ecumenical Temple.
  5865 | D:5      | Reached XP level 8. HP: 28/68 MP: 10/10
  6418 | D:5      | Reached skill level 1 in Evocations
  8231 | D:6      | Killed Prince Ribbit
  8232 | D:6      | Reached skill level 5 in Staves
  8232 | D:6      | Reached skill level 5 in Evocations
  8499 | D:6      | Reached XP level 9. HP: 9/74 MP: 11/11
  8855 | D:7      | Got Sif Muna's Incunable of the Squall
  8880 | D:7      | Learned a level 3 spell: Mephitic Cloud
  9922 | D:7      | Found Ongiqucu's Weapon Boutique.
 10078 | D:7      | Found Upsothog's General Store.
 10086 | D:7      | Bought a manual of Summonings for 1120 gold pieces
 10091 | D:7      | Learned a level 3 spell: Call Canine Familiar
 10104 | D:7      | Reached skill level 1 in Summonings
 10187 | D:7      | Reached skill level 1 in Spellcasting
 10187 | D:7      | Reached skill level 2 in Summonings
 10700 | D:7      | Reached skill level 3 in Summonings
 10726 | D:7      | Reached skill level 4 in Summonings
 11093 | D:8      | Reached skill level 5 in Summonings
 11313 | D:8      | Noticed an oklob plant
 11316 | D:8      | Killed an oklob plant
 11317 | D:8      | Reached skill level 7 in Summonings
 11578 | D:8      | Reached skill level 8 in Summonings
 12180 | D:8      | Noticed a komodo dragon
 12312 | D:8      | Reached skill level 9 in Summonings
 12410 | D:8      | Reached XP level 10. HP: 64/81 MP: 14/14
 12510 | D:8      | Reached skill level 10 in Summonings
 12558 | D:8      | Found a staircase to the Lair.
 12686 | Lair:1   | Entered Level 1 of the Lair of Beasts
 13190 | D:9      | Noticed a two-headed ogre
 13336 | D:9      | Reached skill level 11 in Summonings
 13702 | D:9      | Noticed Psyche
 13710 | D:9      | Killed Psyche
 13942 | D:9      | Noticed a two-headed ogre
 13950 | D:9      | Killed a two-headed ogre
 14251 | D:9      | Learned a level 5 spell: Summon Mana Viper
 14277 | D:9      | Noticed rigao's ghost (novice TrTm)
 14279 | D:9      | Found a transporter.
 14279 | D:9      | Noticed a two-headed ogre
 14279 | D:9      | Noticed a moth of wrath
 14293 | D:9      | Found a transporter.
 14331 | D:9      | Reached skill level 1 in Hexes
 14362 | D:9      | Noticed a two-headed ogre
 15059 | D:9      | Killed a two-headed ogre
 15060 | D:9      | Reached skill level 5 in Spellcasting
 15070 | D:9      | Noticed a cyclops
 15079 | D:9      | Killed a cyclops
 15080 | D:9      | Reached XP level 11. HP: 44/86 MP: 22/22
 15324 | D:9      | Found a staircase to the Orcish Mines.
 15653 | D:9      | Reached skill level 5 in Hexes
 16074 | D:9      | Noticed an orc knight
 16089 | D:9      | Killed an orc knight
 16090 | D:9      | Reached skill level 12 in Summonings
 16155 | D:9      | Learned a level 7 spell: Summon Hydra
 16437 | D:9      | Noticed a two-headed ogre
 16443 | D:9      | Killed a two-headed ogre
 16596 | D:9      | Reached skill level 13 in Summonings
 16633 | D:10     | Entered Level 10 of the Dungeon
 17632 | Lair:1   | Reached skill level 14 in Summonings
 17726 | Lair:1   | Reached XP level 12. HP: 89/94 MP: 23/23
 18430 | Lair:1   | Reached skill level 15 in Summonings
 19034 | Lair:2   | You fall into a shaft and drop 1 floor!
 19113 | Lair:3   | Found a staircase to the Shoals.
 19139 | Lair:3   | Noticed a catoblepas
 19157 | Lair:3   | Killed a catoblepas
 19253 | Lair:3   | Reached skill level 16 in Summonings
 19452 | Lair:3   | Found a staircase to the Snake Pit.
 19459 | Lair:3   | Noticed a four-headed hydra
 19467 | Lair:3   | Killed a four-headed hydra
 19736 | Lair:3   | Noticed Sonja
 19743 | Lair:3   | Killed Sonja
 20543 | Lair:4   | Noticed a four-headed hydra
 20549 | Lair:4   | Killed a four-headed hydra
 21056 | Lair:5   | Entered Level 5 of the Lair of Beasts
 21056 | Lair:5   | Noticed a boulder beetle
 21065 | Lair:5   | Killed a boulder beetle
 21066 | Lair:5   | Reached skill level 17 in Summonings
 21118 | Lair:5   | Reached XP level 13. HP: 87/100 MP: 18/24
 21130 | Lair:5   | Learned a level 7 spell: Monstrous Menagerie
 21360 | Lair:5   | Reached skill level 18 in Summonings
 21550 | Lair:5   | Noticed Rupert
 21562 | Lair:5   | Killed Rupert
 21822 | Lair:5   | Reached skill level 19 in Summonings
 22080 | Lair:5   | Found a runed translucent door.
 22084 | Lair:5   | Found a staircase to the Slime Pits.
 22325 | Lair:5   | Reached XP level 14. HP: 40/107 MP: 13/26
 22691 | Lair:5   | Learned a level 3 spell: Summon Guardian Golem
 23157 | D:3      | Killed Arcadio's ghost
 23298 | D:7      | Bought a scroll of teleportation for 42 gold pieces
 23353 | D:9      | Killed rigao's ghost
 23515 | D:11     | Noticed Amaemon
 23520 | D:11     | Killed Amaemon
 23851 | D:11     | Learned a level 2 spell: Wereblood
 23996 | D:11     | Found Qiclaeg's Antique Armour Shoppe.
 24010 | D:11     | Noticed Nergalle
 24017 | D:11     | Killed Nergalle
 25151 | D:13     | Identified the +8 quarterstaff of the Weasel {vorpal, rF-
                  | rCorr Stlth+}
 25193 | D:13     | Found the +7 sceptre of Torment {pain, torment}
 25195 | D:13     | Found a transporter.
 25456 | D:13     | Found a gate leading to a gauntlet.
 25459 | Gauntlet | Entered a Gauntlet
 25459 | Gauntlet | Found a transporter.
 25466 | Gauntlet | Found a transporter.
 25468 | Gauntlet | Found a transporter.
 25482 | Gauntlet | Found a transporter.
 25489 | Gauntlet | Found a transporter.
 25493 | Gauntlet | Found a transporter.
 25508 | Gauntlet | Found a transporter.
 25520 | Gauntlet | Found a transporter.
 25523 | Gauntlet | Found a runed translucent gate.
 25523 | Gauntlet | Found a runed translucent gate.
 25523 | Gauntlet | Found a runed translucent gate.
 25531 | Gauntlet | Found a transporter.
 25536 | Gauntlet | Found a transporter.
 25553 | Gauntlet | Found a transporter.
 25564 | Gauntlet | Found a transporter.
 25614 | Gauntlet | Found a transporter.
 25701 | Gauntlet | Slain by a bog body

Illustrated notes

Levels and vault maps discovered:
D:1:      shiori_shiawase, layout_basic, hellmonk_ecumenical_altar_heavens_door
D:2:      layout_rooms, basic_altar, uniq_natasha
D:3:      minmay_recursive_quarters, layout_rooms, serial_aquarium,
          aquarium_bridge_island_large [aquarium_subvault_large_water,
          aquarium_subvault_bridge, aquarium_subvault_wall,
          aquarium_subvault_bridge, aquarium_subvault_bridge],
          aquarium_window_1, aquarium_window_1, aquarium_view_2b,
          aquarium_view_2d, aquarium_balcony_double_4, aquarium_pool_2,
          gammafunk_ghost_necromancy
D:4:      layout_loops_ring, temple_statues, nicolae_hexahallways, uniq_grinder,
          uniq_sigmund, uniq_edmund
D:5:      layout_basic, portal_sewer_entry_d
D:6:      layout_gridville, nicolae_ru_path_of_blood,
          eino_small_chamber_without_monster, uniq_blork_the_orc,
          uniq_prince_ribbit1, uniq_eustachio
D:7:      layout_basic, fedhas_altar_2, serial_shops, shop, shop
D:8:      lemuel_slime, layout_loops_ring, erik_lair_dragon, hex_tiny,
          small_chamber_with_monster
D:9:      lemuel_castle_with_subvaults [lemuel_castle_interior_carwin_3],
          layout_irregular_city, david_orc_2, gammafunk_ghost_wrathful_warriors,
          uniq_psyche
D:10:     layout_roguey
D:11:     layout_basic, serial_shops, nicolae_shop_hallway_plus,
          grunt_ministairs_2, minivault_23, blue_anna_alchemist, uniq_nergalle,
          uniq_amaemon
D:12:     layout_stronghold, serial_column_ruins, column_ruins_hut,
          column_ruins_courtyard_long, column_ruins_open_small_water,
          column_ruins_columns_corner, column_ruins_open_small,
          column_ruins_open_medium_water, column_ruins_open_medium_water,
          column_ruins_open_medium
D:13:     gammafunk_dig_for_victory, layout_cave_pools, gauntlet_entry_generic,
          minmay_misc_feat_pillars
Lair:1:   layout_gridlike, minivault_11, beast_lair_carwin_7,
          serial_bayou_shore_b, serial_bayou_shore_b
Lair:2:   layout_misc_corridors, grunt_megastairs_5, lemuel_fruit_fields
Lair:3:   layout_long_grid, minmay_shoals_entry_beasts, dummy_snake_entry,
          uniq_sonja
Lair:4:   layout_layer_cave
Lair:5:   guppyfry_lair_end_dragon, layout_hall_layers,
          hangedman_lair_caniforms_friends, slime_entry_2, kennysheep_rathole,
          lemuel_fruit_tree, uniq_rupert
Gauntlet: minmay_gauntlet_77_tree [minmay_gauntlet_arena_77_terracotta_army,
          minmay_gauntlet_arena_77_block_sizes,
          minmay_gauntlet_arena_77_two_lines,
          minmay_gauntlet_arena_77_tiled_triplets,
          minmay_gauntlet_arena_77_run_for_it,
          minmay_gauntlet_arena_77_chump_sandwich,
          minmay_gauntlet_arena_77_mess, gauntlet_exit_watery]

Skill      XL: |  1  2  3  4  5  6  7  8  9 10 11 12 13 14 |
---------------+-------------------------------------------+-----
Fighting       | 3 4 5 |  5.0
Armour         | 2 4 5 |  5.0
Dodging        | 2 5 |  5.0
Staves         | 3 5 7 |  7.0
Evocations     | 5 |  5.0
Summonings     | 9 11 14 17 19 | 19.6
Spellcasting   | 1 5 8 |  8.3
Hexes          | 3 5 |  5.0
Maces & Flails | 4 |  4.1
Stealth        | |  4.5

Action                   |  1- 3 |  4- 6 |  7- 9 | 10-12 | 13-15 || total
-------------------------+-------+-------+-------+-------+-------++-------
Melee: Flail             |    91 |    13 |       |       |       ||   104
       Dagger            |    13 |   154 |   254 |    25 |       ||   446
       Punch             |     1 |       |     8 |       |       ||     9
       Dire flail        |       |       |    89 |       |       ||    89
       Quarterstaff      |       |       |   125 |   481 |   184 ||   790
       Demon whip        |       |       |       |       |   147 ||   147
Throw: Dart              |     3 |     3 |     1 |     4 |     1 ||    12
       Throwing net      |     1 |       |     2 |     3 |       ||     6
 Cast: Call Canine Famil |       |       |    10 |    62 |    20 ||    92
       Mephitic Cloud    |       |       |     3 |       |       ||     3
       Summon Mana Viper |       |       |       |    62 |    12 ||    74
       Summon Hydra      |       |       |       |     6 |    36 ||    42
       Monstrous Menager |       |       |       |       |    16 ||    16
Evoke: Wand              |       |       |    27 |     1 |       ||    28
       Box of beasts     |       |       |       |     1 |     1 ||     2
  Use: Scroll            |     4 |     5 |    13 |    12 |     4 ||    38
       Potion            |     1 |     2 |     7 |     3 |     1 ||    14
 Stab: Sleeping          |     7 |     3 |     3 |     1 |       ||    14
       Distracted        |     1 |       |     1 |    16 |     5 ||    23
       Confused          |       |       |     2 |       |       ||     2
       Held in net/web   |       |       |       |     2 |       ||     2
Armor: Leather armour    |     9 |       |       |       |       ||     9
       Ring mail         |    53 |    47 |   148 |    26 |       ||   274
       Skin              |       |       |     2 |       |       ||     2
       Steam dragon scal |       |       |       |    11 |       ||    11
       Troll leather arm |       |       |       |    82 |   146 ||   228
Dodge: Dodged            |    82 |    67 |   319 |   368 |   284 ||  1120
       Repelled          |       |       |       |     1 |     5 ||     6
